Map: Frozen Temple

Players

puCK (Nina)

  • Race: Protoss Protoss

Scarlett - Winner!

  • Race: Zerg Zerg

Event: 2016 WCS Summer Circuit Championship (DH Montreal)

VOD

https://www.youtube.com/watch?v=v0MUqY3u8aA

Description

Time

  • Played on: Aug. 12, 2016, 10:30 p.m.
  • Length: 12:19

All games in this series

Show
View Real Time Build Order
Export as new Build Order

puCK Protoss 

Build Orders: 1 Gate Expand 

Get SALT Encoding   

  12  0:00  Probe (Chrono Boost)  
  13  0:11  Probe (Chrono Boost)  
  14  0:18  Pylon  
  14  0:22  Probe (Chrono Boost)  
  15  0:36  Probe (Chrono Boost)  
  15  0:38  Gateway  
  16  0:47  Probe (Chrono Boost)  
  16  0:49  Assimilator  
  17  0:57  Probe (Chrono Boost)  
  18  1:08  Probe (Chrono Boost)  
  20  1:18  Probe (Chrono Boost)  
  20  1:25  Nexus  
  20  1:35  Cybernetics Core  
  20  1:38  Probe (Chrono Boost)  
  21  1:46  Assimilator  
  21  1:48  Probe (Chrono Boost)  
  21  1:53  Pylon  
  22  1:59  Probe (Chrono Boost)  
  23  2:08  Warp Gate, Adept  
  23  2:13  Probe (Chrono Boost)  
  26  2:25  Probe (Chrono Boost)  
  27  2:30  Twilight Council  
  27  2:32  Stalker  
  30  2:37  Probe (Chrono Boost)  
  30  2:38  Probe (Chrono Boost)  
  31  2:48  Probe (Chrono Boost)  
  31  2:49  Probe (Chrono Boost)  
  33  2:59  Resonating Glaives  
  33  3:01  Probe (Chrono Boost)  
  33  3:04  Gateway  
  34  3:11  Probe (Chrono Boost)  
  35  3:14  Gateway  
  34  3:22  Probe (Chrono Boost), Adept  
  34  3:26  Probe (Chrono Boost)  
  38  3:29  Robotics Facility  
  38  3:36  Probe (Chrono Boost)  
  38  3:38  Probe (Chrono Boost)  
  38  3:48  Probe (Chrono Boost)  
  39  3:51  Mothership Core (Chrono Boost)  
  41  3:57  Pylon  
  41  3:58  Gateway  
  41  4:00  Probe (Chrono Boost)  
  43  4:10  Probe x2 (Chrono Boost)  
  43  4:14  Adept, Warp Prism, Pylon  
  43  4:16  Adept x2  
  50  4:20  Probe (Chrono Boost)  
  53  4:29  Probe (Chrono Boost)  
  53  4:30  Pylon  
  54  4:32  Probe (Chrono Boost)  
  54  4:37  Adept x3  
  61  4:41  Probe (Chrono Boost)  
  61  4:43  Pylon  
  62  4:49  Probe (Chrono Boost)  
  63  4:58  Nexus  
  63  5:04  Probe x2 (Chrono Boost)  
  65  5:12  Adept x2  
  69  5:22  Adept  
  69  5:23  Adept  
  73  5:32  Probe (Chrono Boost)  
  72  5:45  Adept x4  
  72  5:47  Immortal  
  72  5:48  Nexus  
  66  5:52  Probe (Chrono Boost)  
  66  5:55  Probe (Chrono Boost), Dark Shrine  
  72  6:02  Assimilator x2  
  72  6:03  Gateway  
  71  6:04  Probe (Chrono Boost)  
  71  6:06  Gateway x2  
  71  6:07  Probe (Chrono Boost)  
  71  6:08  Sentry  
  71  6:09  Pylon  
  70  6:21  Sentry x2  
  70  6:24  Immortal  
  74  6:28  Pylon  
  74  6:31  Probe (Chrono Boost)  
  79  6:35  Pylon  
  79  6:36  Pylon  
  79  6:38  Probe (Chrono Boost)  
  80  6:40  Adept x2  
  80  6:45  Pylon x2  
  85  6:55  Probe x2 (Chrono Boost)  
  85  6:58  Immortal  
  86  7:01  Blink  
  86  7:02  Probe (Chrono Boost)  
  86  7:07  Probe (Chrono Boost)  
  92  7:11  Adept x3  
  92  7:14  Probe x2 (Chrono Boost)  
  101  7:23  Probe (Chrono Boost)  
  101  7:24  Probe (Chrono Boost)  
  102  7:32  Immortal  
  99  7:38  Probe (Chrono Boost)  
  99  7:43  Probe (Chrono Boost)  
  102  7:45  Stalker x3  
  102  7:47  Probe (Chrono Boost)  
  102  7:48  Assimilator  
  102  7:49  Assimilator  
  102  7:50  Probe (Chrono Boost)  
  108  7:51  Dark Templar  
  108  7:54  Probe (Chrono Boost)  
  108  7:55  Pylon  
  108  7:57  Forge  
  108  7:58  Probe (Chrono Boost)  
  112  8:02  Probe (Chrono Boost)  
  114  8:06  Probe (Chrono Boost)  
  114  8:12  Pylon x2  
  114  8:16  Stalker x5  
  114  8:17  Protoss Ground Weapons Level 1  
  122  8:26  Stalker x2  
  126  8:34  Photon Cannon x2  
  126  8:41  Observer  
  126  8:44  Stalker x4  
  135  8:53  Adept  
  135  8:54  Adept  
  135  8:55  Adept  
  141  9:02  Pylon  
  140  9:11  Adept  
  140  9:12  Adept x2  
  140  9:13  Dark Templar x2  
  150  9:17  Archon  
  150  9:19  Dark Templar x2  
  153  9:28  Probe (Chrono Boost)  
  153  9:30  Archon  
  150  9:34  Probe (Chrono Boost)  
  150  9:37  Adept x3  
  155  9:38  Immortal  
  155  9:42  Probe (Chrono Boost)  
  160  9:51  Photon Cannon  
  160  9:52  Adept  
  162  9:56  Adept  
  162  9:57  Adept, Nexus  
  166  10:00  Pylon  
  166  10:01  Dark Templar  
  166  10:02  Pylon  
  168  10:14  Robotics Facility  
  168  10:15  Dark Templar  
  168  10:16  Dark Templar  
  170  10:22  Stalker x2  
  170  10:25  Archon  
  165  10:36  Probe (Chrono Boost)  
  165  10:40  Pylon  
  165  10:42  Pylon  
  161  10:46  Dark Templar x2, Nexus  
  161  10:49  Photon Cannon  
  165  10:51  Photon Cannon  
  165  10:52  Pylon  
  165  10:53  Archon  
  165  10:54  Photon Cannon  
  165  11:02  Templar Archives  
  165  11:03  Stalker x2  
  168  11:11  Mothership Core (Chrono Boost)  
  168  11:13  Stalker  
  168  11:14  Stalker  
  168  11:18  Stalker  
  104  11:41  Adept x3  
  104  11:45  Adept  
  84  11:54  Adept  
  84  11:59  Probe (Chrono Boost)  
Show
View Real Time Build Order
Export as new Build Order

Scarlett Zerg - Winner!

Build Orders: Hatch First, Muta Ling Bane 

Get SALT Encoding   

  12  0:00  Drone  
  13  0:12  Overlord  
  13  0:18  Drone  
  14  0:31  Drone x2  
  17  0:35  Drone  
  17  0:53  Drone  
  17  0:55  Hatchery  
  17  1:00  Drone  
  18  1:04  Extractor  
  17  1:14  Spawning Pool  
  17  1:16  Drone  
  17  1:20  Drone  
  18  1:29  Drone  
  20  1:40  Drone  
  20  1:57  Hatchery  
  19  2:01  Drone x2  
  19  2:07  Metabolic Boost, Zergling x2  
  22  2:12  Queen  
  24  2:22  Queen  
  24  2:28  Overlord  
  26  2:34  Drone  
  26  2:35  Zergling x2  
  28  2:46  Zergling x2  
  28  2:48  Drone x3  
  32  2:52  Queen  
  32  2:57  Overlord  
  34  3:06  Drone  
  34  3:08  Drone  
  35  3:17  Drone  
  35  3:19  Spore Crawler  
  34  3:20  Drone x5  
  34  3:26  Overlord  
  39  3:34  Drone  
  39  3:35  Drone x5  
  39  3:39  Overlord  
  45  3:43  Overlord  
  45  3:44  Drone  
  46  3:50  Roach Warren  
  46  3:53  Drone  
  46  4:00  Drone  
  46  4:01  Drone x3  
  50  4:03  Drone x3  
  50  4:05  Drone  
  50  4:07  Zergling x2  
  55  4:12  Zergling x6  
  55  4:15  Overlord  
  58  4:20  Extractor  
  57  4:28  Zergling x4  
  57  4:30  Roach x5  
  69  4:32  Roach  
  71  4:41  Roach x2  
  71  4:42  Zergling x10  
  71  4:44  Drone  
  81  4:46  Overlord  
  81  4:51  Overlord  
  81  4:53  Overlord  
  81  4:57  Evolution Chamber  
  80  5:00  Zergling x2  
  80  5:03  Spore Crawler  
  80  5:05  Spore Crawler  
  80  5:07  Drone x5  
  80  5:10  Lair  
  83  5:21  Drone  
  83  5:22  Drone x6  
  90  5:30  Zerg Melee Weapons Level 1  
  90  5:31  Drone x3, Overlord  
  93  5:41  Roach x4  
  99  5:48  Queen  
  98  5:55  Drone, Overlord  
  98  5:56  Drone x4  
  101  6:01  Extractor  
  100  6:07  Drone x4  
  102  6:19  Drone  
  102  6:20  Drone x5, Hatchery  
  102  6:21  Spire  
  102  6:25  Drone  
  106  6:28  Extractor  
  106  6:29  Extractor  
  105  6:32  Hatchery, Drone  
  105  6:33  Drone x2  
  106  6:43  Drone x2  
  106  6:45  Overlord  
  108  6:48  Overseer, Zergling x10  
  108  6:49  Baneling Nest  
  112  6:58  Zergling x12  
  112  6:59  Queen  
  120  7:04  Spine Crawler  
  119  7:11  Ravager x6  
  119  7:12  Zergling x2  
  119  7:13  Zergling x6  
  119  7:14  Overlord  
  119  7:15  Overlord x2  
  129  7:17  Overlord  
  129  7:18  Overlord  
  128  7:30  Drone x2  
  126  7:37  Zerg Flyer Weapons Level 1, Zerg Melee Weapons Level 2  
  126  7:40  Mutalisk x2  
  126  7:42  Drone x3  
  126  7:43  Drone x2  
  131  7:49  Mutalisk  
  132  7:51  Drone  
  132  7:52  Drone x7  
  132  7:57  Ravager  
  141  7:59  Queen  
  141  8:03  Mutalisk  
  141  8:04  Overlord x2  
  141  8:05  Overlord  
  145  8:09  Zergling x2  
  145  8:10  Zergling x14  
  153  8:13  Mutalisk  
  154  8:20  Centrifical Hooks  
  154  8:24  Overseer  
  151  8:32  Drone x6  
  151  8:33  Spine Crawler  
  156  8:37  Spine Crawler  
  156  8:38  Pneumatized Carapace, Overseer, Spore Crawler  
  156  8:40  Overseer  
  154  8:43  Spine Crawler  
  154  8:46  Spine Crawler  
  152  8:49  Spine Crawler  
  152  8:51  Drone x4, Spine Crawler  
  152  8:52  Spore Crawler  
  153  9:00  Ravager x3  
  153  9:01  Ravager  
  157  9:03  Zergling x14  
  157  9:09  Zergling x20  
  174  9:16  Extractor  
  171  9:17  Mutalisk x2, Extractor  
  171  9:18  Extractor  
  166  9:40  Zerg Flyer Weapons Level 2  
  166  9:54  Zergling x2  
  166  9:55  Zergling x42  
  188  10:03  Hatchery  
  188  10:04  Ravager  
  188  10:07  Zergling x18  
  188  10:12  Zergling x2  
  188  10:13  Zergling x4  
  200  10:16  Hatchery  
  196  10:27  Overseer  
  185  10:40  Zergling x6  
  185  10:41  Zergling x24  
  199  10:44  Baneling x21  
  199  10:45  Baneling x2  
  199  10:55  Baneling x2  
  199  11:12  Baneling x11  
  199  11:13  Baneling x3  
  140  11:42  Zergling x4  
  140  11:43  Zergling x38  
  142  11:50  Mutalisk x6  
  142  11:51  Mutalisk x5  
  161  12:00  Zergling x8  
  169  12:02  Baneling x2  
Tags
 
Add a new tag
Caveats
  • Supply blocks, unpowered buildings, or Contaminate may cause inaccurate times.
  • Supply counts are checked every 10 seconds.